[Event "44th Chess Olympiad Open 2022"]
[Site "Chennai"]
[Date "2022.08.08"]
[Round "10.13"]
[White "Repka, Christopher"]
[Black "Puranik, Abhimanyu"]
[Result "0-1"]
[WhiteElo "2516"]
[BlackElo "2612"]
[Annotator "RC"]
[PlyCount "90"]
[EventDate "2022.??.??"]
[TimeControl "60"]

1. Nf3 Nf6 2. c4 c5 3. Nc3 e6 4. g3 b6 5. Bg2 Bb7 6. O-O Be7 7. Re1 Ne4 8. Qc2 Nxc3 9. dxc3 f5 10. Bf4 Be4 11. Qd2 Nc6 12. Rad1 Qc8 13. Bd6 Bf6 14. Bh3 h6 15. Qe3 Ne7 16. Ne5 Bg5 17. f4 Bf6 18. Bg4 Bxe5 19. Bh5+ g6 20. Bxe5 Rg8 21. Bf3 Qb7 22. Rd6 Rd8 23. Red1 Nc8 24. R6d2 Ke7 25. Bd6+ Nxd6 26. Rxd6 Bxf3 27. exf3 Rge8 28. g4 Rf8 29. b4 Rc8 30. Qf2 Rc7 31. Qh4+ Ke8 32. R1d3 fxg4 33. Qxh6 gxf3 34. Qxg6+ Kd8 35. Qg7 Re8 36. b5 Kc8 37. Qg6 Rh8 38. Qg3 Qe4 39. Qxf3 Qe1+ 40. Kg2 Rg8+ 41. Kh3 Rh8+ 42. Kg2 Rg8+ 43. Kh3 Kb8 44. Rxd7 Qg1 45. Rd8+ Rc8 0-1

[Event "44th Chess Olympiad Open 2022"]
[Site "Chennai"]
[Date "2022.08.08"]
[Round "10.14"]
[White "Saric, Ivan"]
[Black "Jumabayev, Rinat"]
[Result "1/2-1/2"]
[WhiteElo "2680"]
[BlackElo "2617"]
[Annotator "RC"]
[PlyCount "157"]
[EventDate "2022.??.??"]
[TimeControl "60"]

1. e4 e6 2. d4 d5 3. Nc3 Nf6 4. e5 Nfd7 5. f4 c5 6. Nf3 Nc6 7. Be3 a6 8. a3 b5 9. Ne2 Be7 10. c3 Rb8 11. Ng3 cxd4 12. cxd4 b4 13.
Bd3 bxa3 14. bxa3 Qa5+ 15. Bd2 Qb6 16. Rb1 Qa7 17. Rxb8 Ndxb8 18. Qa1 a5 19. f5 Ba6 20. Bc2 O-O 21. Be3 Nd7 22. Kf2 Rc8 23.
fxe6 fxe6 24. Rc1 h6 25. Ba4 Qb7 26. Nh5 Nd8 27. Rxc8 Qxc8 28. Qb1 Nf8 29. Qb6 Qc4 30. Bd1 a4 31. Nd2 Qb5 32. Qc7 Nc6 33.
g3 Kf7 34. Nf4 g6 35. h4 Kg8 36. Be2 Qb7 37. Qxb7 Bxb7 38. Nb1 Na5 39. Bb5 Bc6 40. Bxc6 Nxc6 41. Ne2 Nd7 42. Bxh6 Nb6 43. Be3 Kf7 44. Nec3 Na5 45. Ke2 Nac4 46. Bc1 Kg7 47. Kd3 Kf7 48. Nd1 Na5 49. Nb2 Kg7 50. Bd2 Nc6 51. Nc3 Bxa3 52. Ncxa4 Na8 53. Nd1 Nc7 54. Ne3 Nb5 55. Nc2 Be7 56. Nc3 Nc7 57. Ne2 Nb5 58. Ng1 Nd8 59. Nf3 Nf7 60. g4 Nh6 61. Ne3 Na7 62. g5 Nf7 63. Ng2 Nc6 64. Nf4 Nfd8 65.
Nh2 Ba3 66. Ng4 Bb2 67. Bc3 Bxc3 68. Kxc3 Kf7 69. Nf6 Ne7 70. h5 gxh5 71. N6xh5 Ndc6 72. Ng3 Ng6 73. Nge2 Nh4 74. Nc1 Nf3 75. g6+ Kg7 76. Nb3 Nfxe5 77. dxe5 Nxe5 78. Nd4 Nxg6 79. Nxg6 1/2-1/2

[Event "44th Chess Olympiad Open 2022"]
[Site "Chennai"]
[Date "2022.08.08"]
[Round "10.14"]
[White "Kozul, Zdenko"]
[Black "Urazayev, Arystanbek"]
[Result "0-1"]
[WhiteElo "2602"]
[BlackElo "2430"]
[Annotator "RC"]
[PlyCount "90"]
[EventDate "2022.??.??"]
[TimeControl "60"]

1. d4 Nf6 2. Nf3 e6 3. c4 d5 4. g3 Be7 5. Bg2 O-O 6. O-O c6 7. Nc3 a5 8. Nd2 b5 9. cxb5 cxb5 10. Nxb5 Qb6 11. a4 Nc6 12. Nb1 Ba6 13.
N1c3 Rac8 14. Bg5 Na7 15. Qd2 Bxb5 16. axb5 Rc4 17. e3 Nxb5 18. Bxf6 Bxf6 19. Nxb5 Qxb5 20. Rxa5 Qb6 21. Rfa1 h5 22. Bf3 h4 23. Bd1 Rb8 24. b3 Rcc8 25. Ra7 Rc7 26. Rxc7 Qxc7 27. b4 Qd6 28. Rb1 e5 29. dxe5 Bxe5 30. f4 Bf6 31. Bf3 Be7 32. b5 hxg3 33. Bxd5 gxh2+ 34. Kh1 Qg6 35. Rd1 Rxb5 36. Qxh2 Rb6 37. Bf3 Qf5 38. Qe2 Qh3+ 39. Kg1 Rg6+ 40. Bg2 Bc5 41. Kf1 Bxe3 42. Qc2 Qg4 43. f5 Qf4+ 44. Ke1 Qg3+ 45. Kf1 Rg4 0-1

[Event "44th Chess Olympiad Open 2022"]
[Site "Chennai"]
[Date "2022.08.08"]
[Round "10.14"]
[White "Suleymenov, Alisher"]
[Black "Brkic, Ante"]
[Result "1-0"]
[WhiteElo "2467"]
[BlackElo "2611"]
[Annotator "RC"]
[PlyCount "93"]
[EventDate "2022.??.??"]
[TimeControl "60"]

1. d4 Nf6 2. c4 e6 3. Nf3 d5 4. Nc3 Bb4 5. Bg5 h6 6. Bxf6 Qxf6 7. Qa4+ Nc6 8.
e3 O-O 9. Be2 dxc4 10. O-O Bd7 11. Bxc4 Bxc3 12. bxc3 Rfd8 13. Be2 Be8 14. Qa3 Qe7 15. Qb2 b6 16. c4 Na5 17. e4 Qf6 18. Qd2 e5 19. d5 Bd7 20.
Qb2 Bg4 21. Ne1 Bd7 22. Rc1 Nb7 23. f4 Re8 24. Nd3 Nc5 25.
Nxc5 bxc5 26. Rb1 Qd6 27. f5 a5 28. f6 gxf6 29. Qd2 f5 30.
exf5 e4 31. Qe3 Re5 32. f6 Rg5 33. Rf4 Qe5 34. h4 Rg6 35.
Rxe4 Qxf6 36. Bh5 Rg7 37. Rf1 Qd6 38. Rxf7 Rxf7 39. Bxf7+ Kxf7 40. Rf4+ Kg8 41. Qg3+ Kh8 42. Qc3+ Kg8 43. Rf6 Qe7 44. Qg3+ Kh7 45. Qg6+ Kh8 46. Qxh6+ Qh7 47. Qxh7+ 1-0

[Event "44th Chess Olympiad Open 2022"]
[Site "Chennai"]
[Date "2022.08.08"]
[Round "10.14"]
[White "Nogerbek, Kazybek"]
[Black "Bosiocic, Marin"]
[Result "1/2-1/2"]
[WhiteElo "2437"]
[BlackElo "2549"]
[Annotator "RC"]
[PlyCount "149"]
[EventDate "2022.??.??"]
[TimeControl "60"]

1. d4 Nf6 2. c4 e6 3. Nf3 b6 4. g3 Ba6 5. b3 Bb4+ 6. Bd2 Be7 7. Bg2 d5 8.
cxd5 exd5 9. Nc3 O-O 10. O-O Bb7 11. Qb1 c5 12. Rd1 Qc8 13.
dxc5 bxc5 14. Ng5 Rd8 15. e4 h6 16. e5 hxg5 17. Bxg5 d4 18.
Bxb7 Qxb7 19. exf6 gxf6 20. Bh6 Nc6 21. Qf5 Ne5 22. Ne4 Qc6 23.
Nd2 a5 24. Bf4 Ng6 25. Re1 a4 26. Rac1 axb3 27. axb3 Qd7 28. Qe4 Kg7 29. b4 Re8 30. bxc5 Bxc5 31. Qf3 Ra3 32. Qg2 Rxe1+ 33. Rxe1 Bb4 34. Rb1 Bxd2 35. Bxd2 Ne5 36. Bf4 Nf3+ 37. Kh1 Qf5 38. Rc1 Qd5 39. Qh3 Rc3 40. Ra1 d3 41. Qg4+ Ng5+ 42. Kg1 Qd4 43. h4 Rc2 44. Rf1 Rxf2 45. Rxf2 d2 46. Qd1 Ne4 47. Qxd2 Nxd2 48. Bxd2 Kg6 49. Kg2 Qe4+ 50. Kh2 f5 51. Bf4 Qe1 52. Kg2 Qd1 53. Rd2 Qb1 54. Rf2 Qe1 55. Bd2 Qe4+ 56. Kh2 Kh5 57. Bg5 Qe6 58. Bd2 f6 59. Kg2 Qd5+ 60. Kh2 Qe4 61. Kg1 Qd4 62. Kg2 Qc5 63. Bf4 Qd5+ 64. Kh2 Qb3 65. Bd2 Qd3 66. Kg2 Qc2 67. Bf4 Qd1 68. Bd2 Kg6 69. Bf4 Qd5+ 70. Kh2 Kh5 71. Bd2 Qd3 72. Kg2 f4 73. Bxf4 Kg4 74. Kh2 Qd4 75. Kg2 1/2-1/2

[Event "44th Chess Olympiad Open 2022"]
[Site "Chennai"]
[Date "2022.08.08"]
[Round "10.15"]
[White "Mchedlishvili, Mikheil"]
[Black "Cruz, Cristhian"]
[Result "1/2-1/2"]
[WhiteElo "2593"]
[BlackElo "2579"]
[Annotator "RC"]
[PlyCount "88"]
[EventDate "2022.??.??"]
[TimeControl "60"]

1. d4 Nf6 2. c4 e6 3. Nc3 d5 4. cxd5 exd5 5. Bg5 Nbd7 6. e3 Be7 7. Bd3 c6 8. Nge2 Nh5 9. Bxe7 Qxe7 10. O-O g6 11. Qd2 O-O 12. f3 Nb6 13.
e4 Be6 14. Rfe1 Rad8 15. e5 f6 16. Ng3 Ng7 17. Rad1 fxe5 18. Rxe5 Qf6 19. Qf2 Nc8 20. Ree1 Nd6 21. Bc2 Rde8 22. a4 h5 23. Nf1 g5 24. Qg3 Bf5 25. Bb3 Bg6 26. Rxe8 Rxe8 27. Qf2 Ne6 28. Ne2 Kg7 29. Ne3 Nf4 30. Nxf4 gxf4 31. Nf1 h4 32. Bc2 Bxc2 33. Qxc2 h3 34. g3 fxg3 35. Nxg3 Qxf3 36. Rf1 Qe3+ 37. Kh1 Re6 38. Qd1 Rg6 39. Qh5 Qe6 40. Qh4 Kg8 41. Qd8+ Qe8 42. Qh4 Qe6 43. Qd8+ Qe8 44. Qh4 Qe6 1/2-1/2

[Event "44th Chess Olympiad Open 2022"]
[Site "Chennai"]
[Date "2022.08.08"]
[Round "10.15"]
[White "Pantsulaia, Levan"]
[Black "Vera Siguenas, Deivy"]
[Result "1-0"]
[WhiteElo "2581"]
[BlackElo "2503"]
[Annotator "RC"]
[PlyCount "53"]
[EventDate "2022.??.??"]
[TimeControl "60"]

1. Nf3 Nf6 2. g3 d5 3. Bg2 Bf5 4. c4 c6 5. Qb3 Qb6 6. d3 e6 7. Be3 Qb4+ 8. Nbd2 Nbd7 9. O-O h6 10. Bd4 Qxb3 11. axb3 a6 12. Bc3 Be7 13. e4 dxe4 14. dxe4 Bh7 15. Rfe1 Nc5 16. Ne5 Rd8 17. Re2 Nd3 18. Nxd3 Rxd3 19. b4 O-O 20. e5 Ne8 21. Nb3 Nc7 22. Na5 Rb8 23. Ree1 Bd8 24. Red1 Ne8 25. Nxb7 Rxb7 26. Rxd3 Bxd3 27. Rd1 1-0

[Event "44th Chess Olympiad Open 2022"]
[Site "Chennai"]
[Date "2022.08.08"]
[Round "10.15"]
[White "Cordova, Emilio"]
[Black "Jobava, Baadur"]
[Result "1-0"]
[WhiteElo "2549"]
[BlackElo "2585"]
[Annotator "RC"]
[PlyCount "91"]
[EventDate "2022.??.??"]
[TimeControl "60"]

1. Nf3 d5 2. g3 Nc6 3. d4 Bf5 4. c4 e6 5. Bg2 Bb4+ 6. Bd2 Nge7 7. O-O O-O 8. a3 Bxd2 9. Nbxd2 a5 10. Rc1 h6 11. Re1 Qb8 12. e3 a4 13.
Nh4 Bh7 14. cxd5 exd5 15. Rc5 Rd8 16. Qh5 g5 17. e4 gxh4 18.
exd5 b6 19. Rxc6 Nxc6 20. Be4 Re8 21. Bxh7+ Kxh7 22. Ne4 Qd8 23. Qxf7+ Kh8 24. Qg6 Re7 25. Qxh6+ Rh7 26. Qxc6 Rb8 27. Nf6 Re7 28. Re5 Rxe5 29. dxe5 Qe7 30. Nd7 Rc8 31. Qh6+ Qh7 32. Qf6+ Kg8 33. Qe6+ Kg7 34. Qe7+ Kh8 35. Qf6+ Kg8 36. Qg5+ Qg7 37. Nf6+ Kf8 38. Qxh4 Kf7 39. Qxa4 Rd8 40. Qf4 Ke7 41. Qf5 Qf7 42. Qg5 Ra8 43. Nd7+ Ke8 44. e6 Qf3 45. Qg8+ Ke7 46. Qxa8 1-0

[Event "44th Chess Olympiad Open 2022"]
[Site "Chennai"]
[Date "2022.08.08"]
[Round "10.15"]
[White "Terry, Renato"]
[Black "Paichadze, Luka"]
[Result "1/2-1/2"]
[WhiteElo "2502"]
[BlackElo "2561"]
[Annotator "RC"]
[PlyCount "25"]
[EventDate "2022.??.??"]
[TimeControl "60"]

1. d4 Nf6 2. Nf3 e6 3. c4 b6 4. g3 Bb7 5. Bg2 Bb4+ 6. Bd2 a5 7. O-O O-O 8. Bg5 Be7 9. Qc2 Be4 10. Qd2 Bb7 11. Qc2 Be4 12. Qd2 Bb7 13.
Qc2 1/2-1/2

[Event "44th Chess Olympiad Open 2022"]
[Site "Chennai"]
[Date "2022.08.08"]
[Round "10.16"]
[White "Theodorou, Nikolas"]
[Black "Stefansson, Hannes"]
[Result "1/2-1/2"]
[WhiteElo "2575"]
[BlackElo "2541"]
[Annotator "RC"]
[PlyCount "80"]
[EventDate "2022.??.??"]
[TimeControl "60"]

1. Nf3 d5 2. d4 Nf6 3. c4 e6 4. g3 Be7 5. Bg2 O-O 6. O-O dxc4 7. Qc2 b5 8. a4 Bb7 9. axb5 a6 10. bxa6 Nxa6 11. Qxc4 Bd5 12. Qc3 c5 13. Be3 Ne4 14. Qe1 Nb4 15. Rxa8 Qxa8 16. Nc3 Nxc3 17. bxc3 Nc2 18. Qd2 Nxe3 19. Qxe3 h6 20. Qf4 Bg5 21. Qg4 Bf6 22. c4 Bxc4 23. Ne5 Qa2 24. Bf3 Bxe5 25. dxe5 Rb8 26. Rc1 Rb1 27. Rxb1 Qxb1+ 28. Kg2 Qc2 29. h4 g6 30. Kh2 Bb5 31. Kg2 Qd2 32. Qf4 Qxf4 33. gxf4 f6 34. Kf1 c4 35. Ke1 c3 36. Kd1 Ba4+ 37. Kc1 fxe5 38. fxe5 Kf7 39. Bg4 g5 40. hxg5 hxg5 1/2-1/2

[Event "44th Chess Olympiad Open 2022"]
[Site "Chennai"]
[Date "2022.08.08"]
[Round "10.16"]
[White "Gretarsson, Hjorvar Steinn"]
[Black "Mastrovasilis, Dimitrios"]
[Result "1/2-1/2"]
[WhiteElo "2563"]
[BlackElo "2599"]
[Annotator "RC"]
[PlyCount "62"]
[EventDate "2022.??.??"]
[TimeControl "60"]

1. d4 d5 2. Nf3 Nf6 3. g3 e6 4. Bg2 b5 5. O-O Be7 6. a4 b4 7. c4 bxc3 8. bxc3 Bb7 9. Ne5 Nbd7 10. c4 c5 11. Ba3 Rc8 12. Nxd7 Qxd7 13. dxc5 Bxc5 14. Qb3 O-O 15. Rd1 Bxa3 16. Nxa3 Bc6 17. Nb5 a6 18. cxd5 Bxd5 19. Bxd5 axb5 20. Bf3 bxa4 21. Rxa4 Qc7 22. Rb4 Rb8 23. Qc4 Qxc4 24. Rxc4 Rfc8 25. Rdc1 Rxc4 26. Rxc4 h6 27. h4 Kf8 28. Kg2 Rd8 29. Rc5 Ke7 30. Ra5 Rd7 31. g4 Rc7 1/2-1/2

[Event "44th Chess Olympiad Open 2022"]
[Site "Chennai"]
[Date "2022.08.08"]
[Round "10.16"]
[White "Ioannidis, Evgenios"]
[Black "Gretarsson, Helgi Ass"]
[Result "1-0"]
[WhiteElo "2459"]
[BlackElo "2472"]
[Annotator "RC"]
[PlyCount "109"]
[EventDate "2022.??.??"]
[TimeControl "60"]

1. d4 d5 2. c4 c6 3. Nc3 Nf6 4. cxd5 cxd5 5. Bf4 Nc6 6. e3 a6 7. Be2 Bf5 8. Nf3 e6 9. Qb3 Ra7 10. Ne5 Nxe5 11. Bxe5 Nd7 12. O-O Qb6 13. Rfc1 Qxb3 14. axb3 Nxe5 15. Nb5 Nc6 16. Nxa7 Nxa7 17. Rc7 Bd6 18. Rxb7 Nc8 19. g4 Bg6 20. Rxa6 O-O 21. h4 h5 22. g5 e5 23. Rd7 exd4 24. exd4 Bf4 25. Bf3 Bf5 26. Rxd5 g6 27. b4 Re8 28. Kg2 Re1 29. Ra8 Bd3 30. Rxc8+ Kg7 31. Kh3 Rg1 32. Bg2 Be2 33. f3 Bd3 34. Rcc5 Rd1 35. Rc3 Bb1 36. Rc6 Rxd4 37. Rf6 Rxb4 38. Rxf4 Rxf4 39. Rb5 Bd3 40. Rb8 Rf5 41. Kg3 Bb5 42. b4 Rd5 43. Bh3 Bc4 44. Rb7 Kf8 45. Bd7 Rd6 46. Rc7 Bd5 47. Kf4 Rb6 48. b5 Bb7 49. Ke3 Bd5 50. Kd4 Bxf3 51. Kc5 Rb8 52. b6 Bb7 53. Bc6 Ba6 54. Ra7 Bc8 55. Bd5 1-0

[Event "44th Chess Olympiad Open 2022"]
[Site "Chennai"]
[Date "2022.08.08"]
[Round "10.16"]
[White "Kjartansson, Gudmundur"]
[Black "Banikas, Hristos"]
[Result "1/2-1/2"]
[WhiteElo "2448"]
[BlackElo "2598"]
[Annotator "RC"]
[PlyCount "175"]
[EventDate "2022.??.??"]
[TimeControl "60"]

1. c4 e5 2. g3 Nf6 3. Bg2 d5 4. cxd5 Nxd5 5. Nc3 Nb6 6. Nf3 Nc6 7. O-O Be7 8. Rb1 a5 9. d3 O-O 10. Be3 Re8 11. Rc1 Be6 12. Na4 Nd5 13.
Bc5 Bd6 14. Re1 Ra6 15. e4 Nb6 16. Bxd6 cxd6 17. Nc3 Bg4 18.
h3 Bxf3 19. Bxf3 Nd7 20. Nb5 Nf8 21. Bg4 g6 22. h4 h5 23. Bh3 Rb6 24. a4 Nh7 25. Rc4 Nf6 26. Bg2 Qe7 27. Qd2 Kg7 28. Rec1 Rd8 29. Qe3 Ra6 30. d4 d5 31. exd5 Nxd5 32. Bxd5 Rxd5 33. Qe4 Rd7 34. d5 Nd4 35. Nxd4 exd4 36. Qxd4+ Qf6 37. Qxf6+ Kxf6 38. Rc5 Rad6 39. Rxa5 Rxd5 40. Rxd5 Rxd5 41. Rc7 Rd4 42. Rxb7 Rxa4 43. Kg2 Rc4 44. Kf3 Rc2 45. Ke3 Ke6 46. Rb4 f6 47. Re4+ Kf7 48. b4 g5 49. Rd4 Rb2 50. Rc4 Ke6 51. hxg5 fxg5 52. Kf3 Rb3+ 53. Kg2 Kf5 54. Rc5+ Kg6 55. b5 g4 56. Kf1 Rb2 57. Ke1 Kh6 58. Rf5 Kg6 59. Re5 Kh6 60.
Rd5 Kg6 61. Rc5 Kh6 62. Rc6+ Kg5 63. Rb6 Kf5 64. Rb8 Kg6 65. b6 Kg7 66. b7 Rb1+ 67. Kd2 Rb3 68. Kc2 Rb6 69. Kd3 Rb2 70. Kd4 Kh7 71. Ke4 Kg7 72. Kf5 Rxf2+ 73. Kg5 Rb2 74. Kxh5 Rb1 75. Kxg4 Rb2 76. Kf5 Rb1 77. g4 Rb2 78. Kf4 Rb1 79. Ke5 Rb2 80. Kd6 Rd2+ 81. Kc5 Rc2+ 82. Kd4 Rb2 83. g5 Rb1 84. Kc3 Rb6 85. g6 Rb1 86. Kd4 Rb2 87. Kc3 Rb1 88. Kd4 1/2-1/2

[Event "44th Chess Olympiad Open 2022"]
[Site "Chennai"]
[Date "2022.08.08"]
[Round "10.17"]
[White "Supi, Luis Paulo"]
[Black "Hansen, Eric"]
[Result "1/2-1/2"]
[WhiteElo "2603"]
[BlackElo "2606"]
[Annotator "RC"]
[PlyCount "60"]
[EventDate "2022.??.??"]
[TimeControl "60"]

1. e4 e5 2. Nf3 Nf6 3. Nxe5 d6 4. Nf3 Nxe4 5. d4 d5 6. Bd3 Bf5 7. O-O Be7 8. Re1 O-O 9. Nbd2 Nd6 10. Nf1 c6 11. Bf4 Bxd3 12. Qxd3 Na6 13. Re2 Nc7 14. c3 Ne6 15. Be5 Re8 16. Rae1 Bf8 17. N1d2 Ng5 18. Bxd6 Rxe2 19. Rxe2 Bxd6 20. g3 Nxf3+ 21. Nxf3 Qd7 22. Qe3 f6 23. Kg2 Kf8 24. Qd3 g6 25. Qe3 Re8 26. Qxe8+ Qxe8 27. Rxe8+ Kxe8 28. Ne1 Ke7 29. Kf3 Ke6 30. Nc2 Kf5 1/2-1/2

[Event "44th Chess Olympiad Open 2022"]
[Site "Chennai"]
[Date "2022.08.08"]
[Round "10.17"]
[White "Mekhitarian, Krikor Sevag"]
[Black "Noritsyn, Nikolay"]
[Result "1-0"]
[WhiteElo "2542"]
[BlackElo "2482"]
[Annotator "RC"]
[PlyCount "87"]
[EventDate "2022.??.??"]
[TimeControl "60"]

1. d4 e6 2. c4 f5 3. Nc3 Nf6 4. a3 Be7 5. e3 O-O 6. Bd3 c5 7. dxc5 Bxc5 8.
b4 Be7 9. Bb2 a5 10. b5 d6 11. Nf3 Nbd7 12. Na4 Ne4 13. Bxe4 fxe4 14. Nd2 Nf6 15. O-O Bd7 16. Rc1 d5 17. Qb3 Be8 18. c5 Rc8 19. Bd4 Bh5 20.
Nb6 Rc7 21. a4 Bf7 22. Qb2 e5 23. Bc3 Bxc5 24. Bxa5 Qd6 25. Nxd5 Bxd5 26. Bxc7 Qxc7 27. Nb3 b6 28. Nxc5 bxc5 29. b6 Qc6 30. a5 Ra8 31. Ra1 Nd7 32. Rfd1 Rb8 33. Qd2 Nf6 34. Qc3 Nd7 35. Rd2 Ra8 36. h3 Kf7 37. Rad1 Nf6 38. Rb1 Nd7 39. b7 Rb8 40. a6 Be6 41. Qa5 c4 42. a7 c3 43. Rxd7+ Qxd7 44. axb8=Q 1-0

[Event "44th Chess Olympiad Open 2022"]
[Site "Chennai"]
[Date "2022.08.08"]
[Round "10.17"]
[White "Panjwani, Raja"]
[Black "Fier, Alexandr"]
[Result "1/2-1/2"]
[WhiteElo "2450"]
[BlackElo "2567"]
[Annotator "RC"]
[PlyCount "82"]
[EventDate "2022.??.??"]
[TimeControl "60"]

1. d4 d5 2. c4 e6 3. Nf3 c6 4. e3 f5 5. Bd3 Nf6 6. O-O Bd6 7. b3 Qe7 8. a4 a5 9. Ba3 Bxa3 10. Nxa3 O-O 11. Nc2 b6 12. cxd5 exd5 13. Ne5 c5 14. Ne1 Na6 15. Rc1 Nb4 16. Bb5 Be6 17. N1d3 Rac8 18. f3 Rc7 19. Qd2 Rfc8 20. Rc3 cxd4 21. Rxc7 Qxc7 22. exd4 Qc3 23. Qxc3 Rxc3 24. Rc1 Na2 25. Rxc3 Nxc3 26. Nf4 Bc8 27. h4 Nxb5 28. axb5 Kf8 29. Kf2 Ke7 30. Ne2 Kd6 31. Ke3 h6 32. Nc3 Be6 33. Nd3 g5 34. hxg5 hxg5 35. b4 f4+ 36. Kd2 axb4 37. Nxb4 Bd7 38. Nd3 Nh5 39. Nb4 Nf6 40. Nd3 Be8 41. Nb4 Bd7 1/2-1/2

[Event "44th Chess Olympiad Open 2022"]
[Site "Chennai"]
[Date "2022.08.08"]
[Round "10.17"]
[White "Preotu, Razvan"]
[Black "Diamant, Andre"]
[Result "1-0"]
[WhiteElo "2445"]
[BlackElo "2538"]
[Annotator "RC"]
[PlyCount "95"]
[EventDate "2022.??.??"]
[TimeControl "60"]

1. e4 e5 2. Nf3 Nf6 3. d4 Nxe4 4. Bd3 d5 5. Nxe5 Nd7 6.
Nxd7 Bxd7 7. O-O Bd6 8. Nc3 Nxc3 9. bxc3 O-O 10. Qh5 f5 11.
Bg5 Qe8 12. Qf3 c6 13. Rfe1 Qg6 14. Bf4 Rae8 15. a4 b6 16. h4 Bxf4 17. Qxf4 Qg4 18. Qd6 f4 19. Rxe8 Rxe8 20. f3 Qe6 21. Qxf4 a5 22. Rb1 c5 23. c4 dxc4 24. d5 Qe3+ 25. Qxe3 Rxe3 26. Kf2 cxd3 27. Kxe3 dxc2 28. Re1 Bxa4 29. Kd2 b5 30. d6 b4 31. Ra1 Bd7 32. Rxa5 Kf7 33. Rxc5 b3 34. Re5 Be6 35. g4 Kf6 36. Re1 h6 37. g5+ hxg5 38.
hxg5+ Kf7 39. Kc1 Bf5 40. Re7+ Kf8 41. Re5 Bd7 42. g6 Bc6 43. f4 Bd7 44. Ra5 Bc6 45. Rc5 Bd7 46. Rh5 Kg8 47. Ra5 Be8 48. Ra8 1-0

[Event "44th Chess Olympiad Open 2022"]
[Site "Chennai"]
[Date "2022.08.08"]
[Round "10.18"]
[White "Lupulescu, Constantin"]
[Black "Docx, Stefan"]
[Result "1/2-1/2"]
[WhiteElo "2628"]
[BlackElo "2434"]
[Annotator "RC"]
[PlyCount "79"]
[EventDate "2022.??.??"]
[TimeControl "60"]

1. d4 Nf6 2. c4 g6 3. Nc3 Bg7 4. e4 d6 5. Nf3 O-O 6. Be2 e5 7. d5 a5 8. Bg5 h6 9. Be3 Ng4 10. Bd2 f5 11. h3 Nf6 12. exf5 gxf5 13. Qc2 Na6 14. O-O-O Nb4 15. Qb1 Ne4 16. Be1 Nc5 17. Nd2 Qg5 18. g3 e4 19. h4 Qe7 20. Nb3 Ncd3+ 21. Bxd3 Nxd3+ 22. Rxd3 exd3 23. Qxd3 f4 24. Nd4 fxg3 25. fxg3 Qe5 26. Nce2 Bg4 27. Bc3 Rae8 28. Nf4 Rxf4 29. gxf4 Qxf4+ 30. Kc2 Re3 31. Qg6 Qe4+ 32. Qxe4 Rxe4 33. Kd3 Rf4 34. Ke3 Be5 35. b3 h5 36. Ba1 Kf7 37. Nb5 Rf3+ 38. Ke4 Rf4+ 39. Ke3 Rf3+ 40. Ke4 1/2-1/2

[Event "44th Chess Olympiad Open 2022"]
[Site "Chennai"]
[Date "2022.08.08"]
[Round "10.18"]
[White "Jianu, Vlad-Cristian"]
[Black "Lenaerts, Lennert"]
[Result "1/2-1/2"]
[WhiteElo "2511"]
[BlackElo "2379"]
[Annotator "RC"]
[PlyCount "45"]
[EventDate "2022.??.??"]
[TimeControl "60"]

1. d4 d5 2. c4 c6 3. Nc3 Nf6 4. e3 Bf5 5. Nf3 e6 6. Nh4 Be4 7. f3 Bg6 8.
Nxg6 hxg6 9. Qb3 Qc7 10. Bd2 Be7 11. cxd5 cxd5 12. O-O-O Nc6 13. Kb1 a6 14. Rc1 Nd7 15. Bd3 Na5 16. Qc2 Nc4 17. e4 dxe4 18. Bxc4 Qxc4 19. Qxe4 Rb8 20. Ne2 Qb5 21. Nc3 Qc4 22. Ne2 Qb5 23. Nc3 1/2-1/2

[Event "44th Chess Olympiad Open 2022"]
[Site "Chennai"]
[Date "2022.08.08"]
[Round "10.18"]
[White "Maerevoet, Sim"]
[Black "Parligras, Mircea-Emilian"]
[Result "1-0"]
[WhiteElo "2409"]
[BlackElo "2576"]
[Annotator "RC"]
[PlyCount "51"]
[EventDate "2022.??.??"]
[TimeControl "60"]

1. e4 c5 2. Nf3 d6 3. Bb5+ Nd7 4. O-O a6 5. Bxd7+ Bxd7 6. c3 Nf6 7. Re1 Bc6 8. d4 cxd4 9. cxd4 Bxe4 10. Nc3 Bxf3 11. Qxf3 e6 12. Qxb7 Qc8 13. Qf3 Be7 14. Bg5 O-O 15. d5 e5 16. Ne4 Nxe4 17. Bxe7 Re8 18. Qxe4 Rxe7 19. Rac1 Qb7 20. b3 a5 21. Rc4 f5 22. Qxf5 Qxd5 23.
Rc8+ Re8 24. Rc7 Rf8 25. Qg4 Rf7 26. Rd1 1-0

[Event "44th Chess Olympiad Open 2022"]
[Site "Chennai"]
[Date "2022.08.08"]
[Round "10.19"]
[White "Andersen, Mads"]
[Black "Avila Pavas, Santiago"]
[Result "1-0"]
[WhiteElo "2587"]
[BlackElo "2453"]
[Annotator "RC"]
[PlyCount "105"]
[EventDate "2022.??.??"]
[TimeControl "60"]

1. e4 c6 2. Nf3 d5 3. Nc3 Bg4 4. h3 Bxf3 5. Qxf3 e6 6. Be2 Nf6 7. O-O Nbd7 8. d4 dxe4 9. Nxe4 Nxe4 10. Qxe4 Nf6 11. Qe3 Be7 12. Rd1 O-O 13. a4 a5 14. Qb3 Qc7 15. g3 h6 16. Bf3 Rad8 17. Kg2 Rd7 18.
c3 Rfd8 19. Re1 Bd6 20. Re2 Re7 21. Be3 Nd5 22. Bd2 e5 23.
c4 e4 24. Bxe4 Nf6 25. Rae1 Rde8 26. Qd3 Qd8 27. Bf3 Rxe2 28. Rxe2 Rxe2 29. Qxe2 Kf8 30. Qd3 Bb4 31. Be3 Qd6 32. Qf5 Qd7 33. Qc2 Qd6 34. Kg1 Qd7 35. Bg2 Qd6 36. Qf5 Qd7 37. Qf3 Qd6 38. Bf1 Qe6 39. Kh2 Ne4 40. Bd3 Ng5 41. Qh5 Qf6 42. Kg2 Qd6 43. Bf5 Ne6 44. Qg4 Nd8 45. h4 Qc7 46. c5 Qe7 47. Bf4 Qe8 48. Bh7 Qe6 49. Bd6+ Ke8 50.
Qxg7 Kd7 51. Qf8 Qe8 52. Bf5+ Ne6 53. Qxh6 1-0

[Event "44th Chess Olympiad Open 2022"]
[Site "Chennai"]
[Date "2022.08.08"]
[Round "10.19"]
[White "Cardoso Cardoso, Jose Gabriel"]
[Black "Bjerre, Jonas Buhl"]
[Result "0-1"]
[WhiteElo "2493"]
[BlackElo "2608"]
[Annotator "RC"]
[PlyCount "88"]
[EventDate "2022.??.??"]
[TimeControl "60"]

1. d4 Nf6 2. c4 e6 3. Nc3 Bb4 4. Qc2 d5 5. a3 Bxc3+ 6. Qxc3 O-O 7. e3 b6 8. Nf3 Bb7 9. b3 Nbd7 10. Bb2 c5 11. Be2 Rc8 12. a4 Ne4 13.
Qd3 dxc4 14. bxc4 cxd4 15. exd4 Qf6 16. O-O Rfd8 17. Rfc1 Nf8 18. a5 Ng6 19. axb6 axb6 20. Rab1 Nf4 21. Qe3 Ng5 22. Nxg5 Qxg5 23. Bf3 Bxf3 24. Qxf3 h5 25. g3 Ng6 26. Qe4 h4 27. Rc2 h3 28. Bc1 Qa5 29. Be3 Qa4 30. Rbc1 Rd7 31. Qg4 b5 32. c5 Ne5 33. Qxh3 Nd3 34. c6 Rdc7 35. Rc5 Nxc1 36. Rh5 Qd1+ 37. Kg2 f5 38. Bxc1 Qxc1 39. Rh8+ Kf7 40. Qh5+ Kf6 41. d5 exd5 42. Qh4+ Qg5 43. Qd4+ Kg6 44. h4 Qf6 0-1

[Event "44th Chess Olympiad Open 2022"]
[Site "Chennai"]
[Date "2022.08.08"]
[Round "10.19"]
[White "Sanchez, Sebastian Felipe"]
[Black "Thybo, Jesper Sondergaard"]
[Result "1/2-1/2"]
[WhiteElo "2440"]
[BlackElo "2520"]
[Annotator "RC"]
[PlyCount "123"]
[EventDate "2022.??.??"]
[TimeControl "60"]

1. d4 Nf6 2. c4 e6 3. Nc3 Bb4 4. Qc2 d5 5. cxd5 exd5 6. Bg5 h6 7. Bh4 O-O 8. e3 Re8 9. Nf3 c5 10. dxc5 Nbd7 11. Bb5 Qa5 12. Nd4 Ne4 13. O-O Bxc3 14. bxc3 a6 15. Ba4 Qxc5 16. Bb3 Ne5 17. f3 Nd6 18. Bf2 Bd7 19. Rad1 Nec4 20. Rfe1 b5 21. Ne2 Nxe3 22. Qd2 Rac8 23. Ng3 Ndc4 24. Bxc4 Nxc4 25. Bxc5 Nxd2 26.
Rxe8+ Bxe8 27. Bd4 Nc4 28. Nf5 Kh7 29. Nxg7 f6 30. Bxf6 Bf7 31. Nf5 Re8 32. Ne7 Nb6 33. Kf2 a5 34. Rd4 Nd7 35. Bh4 Nb6 36.
Rg4 Be6 37. Rd4 Kg7 38. f4 Kf7 39. f5 Bc8 40. Nxd5 Nxd5 41. Rxd5 Re4 42. g3 Rc4 43. Rxb5 a4 44. Ra5 Rxc3 45. Ra7+ Kg8 46. g4 h5 47. f6 Rc2+ 48. Kg1 Rc1+ 49. Kf2 Rc2+ 50. Ke3 Bxg4 51. f7+ Kf8 52. Bg5 Rc6 53. Ke4 Re6+ 54. Kd5 Rg6 55. h4 Be6+ 56. Ke5 Bxa2 57. Be7+ Kxf7 58. Bf6+ Kg8 59. Ra8+ Kf7 60. Rxa4 Rxf6 61. Rxa2 Rf3 62. Ke4 1/2-1/2

[Event "44th Chess Olympiad Open 2022"]
[Site "Chennai"]
[Date "2022.08.08"]
[Round "10.19"]
[White "Haubro, Martin"]
[Black "Valderrama Quiceno, Esteban Alb"]
[Result "1-0"]
[WhiteElo "2411"]
[BlackElo "2436"]
[Annotator "RC"]
[PlyCount "53"]
[EventDate "2022.??.??"]
[TimeControl "60"]

1. e4 g6 2. d4 Bg7 3. Nc3 d6 4. Be3 a6 5. h4 Nf6 6. h5 Nxh5 7. Rxh5 gxh5 8.
Qxh5 e6 9. Bc4 Qe7 10. Nf3 Nc6 11. O-O-O Bd7 12. d5 Ne5 13. Bg5 Bf6 14. dxe6 Bc6 15. Bxf6 Qxf6 16. Nxe5 dxe5 17. exf7+ Kf8 18. g3 h6 19. f4 exf4 20. Qc5+ Kg7 21. e5 Qg5 22. gxf4 Qxf4+ 23. Kb1 Rhd8 24. Rg1+ Kh8 25. e6 Rd4 26. e7 Rxc4 27. Qxc4 1-0